 Dungeon Crawl Stone Soup version 0.19-a0-1895-g783e625 (webtiles) character file.

358 Alarkh the Grave Robber (level 6, -2/41 HPs)
             Began as a Mummy Necromancer on Oct 18, 2016.
             Slain by an ogre
             ... wielding a +0 giant club
              (21 damage)
             ... on level 4 of the Dungeon.
             The game lasted 00:05:52 (4919 turns).

Alarkh the Grave Robber (Mummy Necromancer)         Turns: 4919, Time: 00:05:53

Health: -2/41      AC:  2    Str: 12    XL:     6   Next: 37%
Magic:  1/13       EV: 12    Int: 16    God:
Gold:   199        SH:  0    Dex: 12    Spells: 4 memorised, 2 levels left

rFire  x . .     SeeInvis .     h - +0 long sword
rCold  + . .     Gourm    .     a - +0 robe
rNeg   + + +     Faith    .     (no shield)
rPois  ∞         Spirit   .     (no helmet)
rElec  .         Reflect  .     (no cloak)
rCorr  .         Harm     .     (no gloves)
MR     .....                    (no boots)
Stlth  ++........               (no amulet)
                                (no ring)
                                (no ring)

@: very slightly contaminated
A: no food or potions, fire vulnerability, cold resistance 1, negative energy
resistance 3, torment resistance, unbreathing
a: no special abilities


You were on level 4 of the Dungeon.
You were not hungry.

You visited 1 branch of the dungeon, and saw 4 of its levels.

You collected 199 gold pieces.

Inventory:

Hand Weapons
 d - a +0 dagger
 e - a +0 mace
 h - a +0 long sword (weapon)
Armour
 a - a +0 robe (worn)
Jewellery
 m - a +4 ring of dexterity {unknown}
Scrolls
 c - 2 scrolls of identify
 f - 2 scrolls of remove curse
 g - a scroll of enchant weapon
 i - 2 scrolls of fog
 j - a scroll of blinking
 k - 2 scrolls of teleportation
 l - a scroll of amnesia {unknown}
Books
 b - a book of Necromancy

   Spells                             Type                      Level
   a - Pain                           Necromancy                   1
   b - Animate Skeleton               Necromancy                   1
   c - Vampiric Draining              Necromancy                   3
   d - Regeneration                   Charms/Necromancy            3
   e - Animate Dead                   Necromancy                   4
   f - Control Undead                 Necromancy                   4


   Skills:
 - Level 1.5 Dodging
 - Level 1.5 Stealth
 + Level 4.6 Spellcasting
 + Level 6.1 Necromancy


You had 2 spell levels left.
You knew the following spells:

 Your Spells              Type           Power        Failure   Level  Hunger
a - Pain                  Necr           ###.         1%          1    N/A
b - Animate Dead          Necr           N/A          14%         4    N/A
c - Control Undead        Necr           ###.......   14%         4    N/A
e - Vampiric Draining     Necr           ###.......   4%          3    N/A

Dungeon Overview and Level Annotations

Branches:
Dungeon (4/15)
 Temple: D:4-7

Altars:
Ashenzari
Dithmenos
The Shining One

Annotations:
D:3 Grinder


Innate Abilities, Weirdness & Mutations

You do not eat or drink.
Your flesh is vulnerable to fire.
You are immune to poison.
Your flesh is cold resistant. (rC+)
You are immune to negative energy. (rN+++)
You are immune to unholy pain and torment.
You can survive without breathing.


Message History

Press: ? - help, Shift-Dir - straight line, f/p - ogre
Aim: an ogre, wielding a giant club (moderately wounded, chance to defeat MR: 83%)
The ogre barely resists.
The ogre barely misses you.
Casting: Pain
Confirm with . or Enter, or press ? or * to list all spells.
Aiming: Pain
Press: ? - help, Shift-Dir - straight line, f/p - ogre
Aim: an ogre, wielding a giant club (moderately wounded, chance to defeat MR: 83%)
The ogre writhes in agony!
The ogre hits you with a giant club!!
Ouch! That really hurt!
Casting: Pain
Confirm with . or Enter, or press ? or * to list all spells.
You miscast Animate Dead.
You are very lightly contaminated with residual magic.
Pain shoots through your body.
Casting: Animate Dead
Confirm with . or Enter, or press ? or * to list all spells.
Nothing appears to happen.
The ogre hits you with a giant club!!
Ouch! That really hurt!
You die...

####...........#........
...............#........
##############..........
...# ##......... ..##
#......... ..#
##.[####+## ≈.## #.....#
≈≈≈## #.....# .≈≈≈#
#..@..# ..≈≈# #..O..#
..≈≈# #<....# ..≈≈#
#..!..# ..≈## #.....#
..## ......... ..#
.......!.# ..#
#....)....# ...#
#..........


You could see an ogre.

Vanquished Creatures
  An ogre (D:4)
  A centaur zombie (D:4)
  Jessica (D:3)
  Terence (D:3)
  A howler monkey skeleton (D:4)
  8 adders
  2 oozes
  3 worms
  3 leopard geckos
  7 orcs
  A ball python (D:3)
  4 giant cockroaches
  10 goblins
  5 hobgoblins
  9 jackals
  6 kobolds
  4 quokkas
  7 bats
  3 frilled lizards
  5 rats
82 creatures vanquished.

Vanquished Creatures (collateral kills)
  An orc (D:3)
1 creature vanquished.

Grand Total: 83 creatures vanquished

Notes
Turn   | Place    | Note
-------+----------+-------------------------------------------
     0 | D:1      | Alarkh the Mummy Necromancer began the quest for the Orb.
     0 | D:1      | Reached XP level 1. HP: 13/13 MP: 3/3
   369 | D:1      | Reached XP level 2. HP: 19/19 MP: 0/5
  1021 | D:1      | Reached XP level 3. HP: 24/24 MP: 1/7
  1026 | D:1      | Learned a level 3 spell: Vampiric Draining
  1399 | D:2      | HP: 1/24 [quokka (2)]
  1776 | D:2      | Found a shadowy altar of Dithmenos.
  2142 | D:2      | Reached XP level 4. HP: 30/30 MP: 3/8
  2149 | D:2      | Learned a level 4 spell: Control Undead
  2655 | D:3      | Reached skill level 5 in Necromancy
  2656 | D:3      | Noticed Jessica
  2661 | D:3      | Killed Jessica
  2667 | D:3      | Noticed Grinder
  2808 | D:3      | Reached XP level 5. HP: 35/35 MP: 6/10
  2853 | D:3      | Found a shattered altar of Ashenzari.
  3134 | D:3      | Noticed Terence
  3163 | D:3      | Killed Terence
  3824 | D:2      | Learned a level 4 spell: Animate Dead
  4675 | D:4      | Found a glowing golden altar of the Shining One.
  4731 | D:4      | Reached XP level 6. HP: 41/41 MP: 9/12
  4739 | D:4      | Reached skill level 6 in Necromancy
  4919 | D:4      | Slain by an ogre

Vault maps used:
D:1:      scummos_arrival_star
D:2:      overflow_temple_1_default
D:3:      nicolae_ashenzari_panopticon, first_bread, uniq_jessica, uniq_grinder,
          uniq_terence
D:4:      cheibrodos_helix_gallery, lemuel_round_altar, st_stairs_3

Skill      XL: |  1  2  3  4  5  6 |
---------------+-------------------+-----
Spellcasting   | 3 4 |  4.6
Necromancy     | 5 6 |  6.1
Dodging        | |  1.5
Stealth        | |  1.5

Action                   |  1- 3 |  4- 6 || total
-------------------------+-------+-------++-------
Melee: Unarmed           |    22 |       ||    22
       Dagger            |    28 |       ||    28
       Mace              |     5 |     7 ||    12
       Long sword        |       |    10 ||    10
 Cast: Pain              |    85 |   113 ||   198
       Animate Dead      |       |     1 ||     1
       Control Undead    |       |     1 ||     1
  Use: Scroll            |     3 |     4 ||     7
 Stab: Sleeping          |     2 |       ||     2
Armor: Robe              |    21 |     8 ||    29
Dodge: Dodged            |    72 |    67 ||   139
       Rpst.: Long sword |       |     9 ||     9
